 Dungeon Crawl Stone Soup version 0.20-a0-1124-g2e29d97 (webtiles) character file.

315 Naow the Shield-Bearer (level 6, -4/47 HPs)
             Began as a Formicid Fighter on May 16, 2017.
             Slain by an ogre
             ... wielding a +0 giant club
              (24 damage)
             ... on level 4 of the Dungeon.
             The game lasted 00:04:26 (3578 turns).

Naow the Shield-Bearer (Formicid Fighter)           Turns: 3578, Time: 00:04:27

Health: -4/47      AC:  8    Str: 23    XL:     6   Next: 72%
Magic:  15/15      EV:  8    Int:  7    God:
Gold:   206        SH: 10    Dex: 10    Spells: 5/5 levels left

rFire    . . .     SeeInvis +   a - +0 war axe
rCold    . . .     Gourm    .   c - +0 shield
rNeg     . . .     Faith    .   b - +0 scale mail
rPois    .         Spirit   .   (helmet unavailable)
rElec    .         Reflect  .   l - +0 cloak
rCorr    .         Harm     .   (no gloves)
MR       .....                  (no boots)
Stlth    ..........             (no amulet)
Regen    0.2/turn               r - ring of magical power
MPRegen  0.2/turn               (no ring)

@: no status effects
A: permanent stasis, dig shafts and tunnels, four strong arms, antennae 3
a: Dig, Shaft Self


You were on level 4 of the Dungeon.
You were not hungry.

You visited 1 branch of the dungeon, and saw 4 of its levels.

You collected 206 gold pieces.

Inventory:

Hand Weapons
 a - a +0 war axe (weapon)
Armour
 b - a +0 scale mail (worn)
 c - a +0 shield (worn)
 l - a +0 cloak (worn)
Jewellery
 r - a ring of magical power (left hand)
Wands
 t - a wand of random effects (18/48)
Scrolls
 g - 4 scrolls of identify {unknown}
 h - 2 scrolls of magic mapping {unknown}
 j - 2 scrolls of remove curse {unknown}
 k - a scroll of blinking {unknown}
 o - a scroll of enchant weapon {unknown}
 p - a scroll of teleportation {unknown}
 q - a scroll of amnesia {unknown}
 s - a scroll of recharging {unknown}
Potions
 d - a potion of might
 e - a potion of cancellation {unknown}
 i - 2 potions of curing
 n - 2 potions of agility {unknown}
 u - a potion of magic {unknown}
Comestibles
 f - 3 bread rations
 m - a meat ration


   Skills:
 - Level 3.2 Fighting
 * Level 5.4 Axes
 - Level 3.2 Armour
 + Level 5.7 Shields


You had 5 spell levels left.
You didn't know any spells.

Dungeon Overview and Level Annotations

Branches:
Dungeon (4/15)
 Temple: D:4-7

Altars:


Innate Abilities, Weirdness & Mutations

You cannot be hasted, slowed, berserked, paralysed or teleported.
You can dig through walls and to a lower floor.
Your four strong arms can wield two-handed weapons with a shield.
You have a pair of large antennae on your head. (SInv)


Message History

u - a grey potion You now have 194 gold pieces (gained 16).
Found a hunting sling.
Key pressed, stopping explore.
i - 2 potions of curing (gained 1)
You now have 206 gold pieces (gained 12).
An ogre comes into view. It is wielding a giant club.
The ogre shouts!
An ogre is nearby!
Found 18 gold pieces.
A quokka comes into view.
You slash the ogre!
The ogre is heavily wounded.
The ogre hits you with a giant club!
You hit the ogre.
The ogre is heavily wounded.
The ogre hits you with a giant club! The ogre hits you with a giant club!!
Ouch! That really hurt!
You die...

#..#............
#....#...........
#...##..........#
..#####$..##...........
..........##............##.#
######...............#....####
##.#.##..................##
##..#.##.r.................#
#.....##..O@................
##.#..###..............).....
#...........................)
#...).................<...... ##
##............................
#..#.........#...................
#............##.................#
#.##.........#######.....#.......
. #.........#############.......


You could see an ogre and a quokka.

Vanquished Creatures
  A phantom (D:4)
  Robin (D:2)
  9 adders
  4 gnolls (D:3)
  An ooze (D:3)
  An adder skeleton (D:4)
  A worm (D:3)
  A dart slug (D:2)
  4 leopard geckos
  4 orcs (D:3)
  3 giant cockroaches
  7 hobgoblins
  2 jackals (D:2)
  7 kobolds
  3 quokkas
  A ball python (D:3)
  11 bats
  3 frilled lizards (D:3)
  15 goblins
  5 rats
84 creatures vanquished.

Notes
Turn   | Place    | Note
-------+----------+-------------------------------------------
     0 | D:1      | Naow the Formicid Fighter began the quest for the Orb.
     0 | D:1      | Reached XP level 1. HP: 18/18 MP: 1/1
   156 | D:1      | Reached XP level 2. HP: 24/24 MP: 2/2
   903 | D:2      | Reached XP level 3. HP: 28/29 MP: 3/3
   907 | D:2      | Noticed Robin
  1227 | D:2      | Killed Robin
  1414 | D:2      | Reached XP level 4. HP: 34/35 MP: 4/4
  1981 | D:2      | Reached XP level 5. HP: 31/41 MP: 5/5
  2539 | D:3      | Reached skill level 5 in Shields
  3070 | D:3      | Reached XP level 6. HP: 46/47 MP: 6/6
  3294 | D:3      | Reached skill level 5 in Axes
  3405 | D:4      | Noticed a phantom
  3447 | D:4      | Killed a phantom
  3561 | D:4      | Noticed an ogre
  3578 | D:4      | Slain by an ogre

Vault maps used:
D:1:      shiori_shiawase, minmay_misc_feat_more_columns
D:2:      minmay_diamond_boxcup, uniq_robin

Skill      XL: |  1  2  3  4  5  6 |
---------------+-------------------+-----
Shields        | 4 5 |  5.7
Axes           | 3 4 5 |  5.4
Fighting       | |  3.2
Armour         | |  3.2

Action                   |  1- 3 |  4- 6 || total
-------------------------+-------+-------++-------
Melee: War axe           |    93 |   199 ||   292
  Eat: Chunk             |     2 |     7 ||     9
Armor: Scale mail        |    49 |    92 ||   141
Dodge: Dodged            |    48 |    81 ||   129
Block: Shield            |    66 |   113 ||   179
